 Dungeon Crawl Stone Soup version 0.28.0 (webtiles) character file.

Game seed: 2610470071812824632

16 reversiblehash the Skirmisher (level 2, 0/25 HPs)
             Began as a Demonspawn Berserker on Feb 19, 2022.
             Was a Follower of Trog.
             Slain by a jackal (2 damage)
             ... on level 1 of the Dungeon.
             The game lasted 00:00:53 (507 turns).

reversiblehash the Skirmisher (Demonspawn Berserker) Turns: 507, Time: 00:00:54

Health: 0/25       AC:  2    Str: 17    XL:     2   Next: 37%
Magic:  2/2        EV: 12    Int:  8    God:    Trog [*.....]
Gold:   0          SH:  0    Dex: 12    Spells: 1/1 levels left

rFire   . . .      SeeInvis .   a - +0 hand axe
rCold   . . .      Faith    .   (no shield)
rNeg    . . .      Spirit   .   b - +0 animal skin
rPois   .          Reflect  .   (no helmet)
rElec   .          Harm     .   (no cloak)
rCorr   .          Rampage  .   (no gloves)
Will    .....                   (no boots)
Stlth   +.........              (no amulet)
HPRegen 0.08/turn               (no ring)
MPRegen 0.08/turn               (no ring)

@: on berserk cooldown
A: demonic touch 1
a: Renounce Religion, Berserk


You were on level 1 of the Dungeon.
You worshipped Trog.
Trog was aware of your devotion.
You visited 1 branch of the dungeon, and saw 1 of its levels.

Inventory:

Hand Weapons
 a - a +0 hand axe (weapon)
Armour
 b - a +0 animal skin (worn)
Scrolls
 d - a scroll of blinking {unknown}
Potions
 c - a potion of curing {unknown}


   Skills:
 * Level 3.7 Fighting
 - Level 2.6 Axes
 * Level 2.0 Armour
 - Level 1.7 Dodging


You had one spell level left.
You didn't know any spells.
Your spell library was empty.

Dungeon Overview and Level Annotations

Branches:
Dungeon (1/15)

Altars:


Innate Abilities, Weirdness & Mutations

Your touch may inflict minor irresistible damage on your foes.


Message History

a +0 short sword; a kobold corpse The jackal barely misses you. x2; The jackal closely misses you.
The jackal bites you but does no damage.
The jackal bites you. The jackal barely misses you. The jackal bites you.
The jackal bites you. The jackal closely misses you. The jackal bites you.
The jackal misses you. The jackal bites you.
* * * LOW HITPOINT WARNING * * *
The jackal bites you.
* * * LOW HITPOINT WARNING * * *
The jackal completely misses you. The jackal misses you.
The jackal bites you but does no damage.
The jackal closely misses you. The jackal barely misses you. x3
The jackal bites you.
* * * LOW HITPOINT WARNING * * *
The jackal barely misses you.
You barely miss the jackal.
The jackal bites you but does no damage.
The jackal bites you.
* * * LOW HITPOINT WARNING * * *
You hit the jackal.
You kill the jackal!
Trog accepts your kill. The jackal closely misses you.
You hit the jackal.
The jackal is heavily wounded.
The jackal closely misses you. The jackal barely misses you.
The jackal completely misses you.
You hit the jackal but do no damage.
You touch the jackal.
You kill the jackal!
Trog accepts your kill. The jackal closely misses you. x2
You closely miss the jackal.
You feel yourself speed up.
The jackal misses you. x2; The jackal bites you.
* * * LOW HITPOINT WARNING * * *
You hit the jackal.
The jackal is heavily wounded.
The jackal bites you.
You die...

#.$.##..# #...
#.†.†)).# #...
#....##.)..# ####
##.#.#..##.## #
#.......)# ##....#..#
....#....# #
###....##h# #.#.###@#
+####### #.#.###.###
#.§≈≈≈≈≈ #.......#
#≈......
#####.#.#######≈..####
#.#.......#≈.## #
#.#########§.#
#.........#≈§#
#########.#§§## #
#.#≈..####


You could see a jackal.

Vanquished Creatures
  An endoplasm (D:1)
  A giant cockroach (D:1)
  A hobgoblin (D:1)
  3 jackals (D:1)
  4 kobolds (D:1)
  A quokka (D:1)
  2 bats (D:1)
  A rat (D:1)
14 creatures vanquished.

Notes
Turn   | Place    | Note
-------+----------+-------------------------------------------
     0 | D:1      | reversiblehash the Demonspawn Berserker began the quest for
                  | the Orb.
     0 | D:1      | Reached XP level 1. HP: 18/18 MP: 1/1
   478 | D:1      | Gained mutation: Your touch may inflict minor irresistible
                  | damage on your foes. [demonic ancestry]
   478 | D:1      | Reached XP level 2. HP: 23/24 MP: 2/2
   507 | D:1      | Slain by a jackal

Illustrated notes

Levels and vault maps discovered:
D:1:      minmay_arrival_checkered_box, layout_loops_ring,
          kennysheep_flooded_box, chequers_serial_rivers_room_b,
          kennysheep_pointless_box, st_stairs_14, minmay_tromino_v4_c

Skill      XL: |  1  2 |
---------------+-------+-----
Armour         | 2 |  2.0
Fighting       | |  3.7
Axes           | |  2.6
Dodging        | |  1.7

Action                   || total
-------------------------++-------
Melee: Hand axe          ||    35
       Touch             ||     2
Invok: Berserk           ||     1
Armor: Animal skin       ||     7
Dodge: Dodged            ||    48
